 Dungeon Crawl Stone Soup version 0.23.2-11-gf996548c65 (webtiles) character file.

Game seed: 1085631011482381882

108528 KristianNielsen the Blocker (level 16, 0/127 HPs)
             Began as a Gnoll Fighter on June 6, 2019.
             Was the Champion of Okawaru.
             Killed from afar by a shock serpent (13 damage)
             ... with a bolt of electricity
             ... on level 2 of the Snake Pit.
             The game lasted 01:57:00 (30303 turns).

KristianNielsen the Blocker (Gnoll Fighter)        Turns: 30303, Time: 01:57:00

Health: 0/127      AC: 21    Str: 25    XL:     16   Next: 49%
Magic:  30/30      EV: 19    Int: 13    God:    Okawaru [******]
Gold:   1209       SH: 15    Dex: 20    Spells: 28/36 levels left

rFire    + + .     SeeInvis +   a - +5 dagger (elec)
rCold    + . .     Gourm    .   t - +1 shield {rF+}
rNeg     . . .     Faith    .   Q - +4 troll leather armour
rPois    +         Spirit   .   A - +0 hat {SInv}
rElec    .         Reflect  .   F - scarf {rC+ rF+}
rCorr    .         Harm     .   P - +2 pair of gloves {Str+3}
MR       +....                  O - +0 pair of boots
Stlth    +++++.....             I - amulet of the acrobat
HPRegen  0.71/turn              k - ring of Cuuci {+Fly rPois Str+2 Slay+6}
MPRegen  0.22/turn              J - +6 ring of protection

@: lethally poisoned (0 -> 0), drained
A: distributed training, fangs 1, thin skeletal structure 1, mutation resistance
1, strong nose
a: Heroism, Finesse, Renounce Religion, Evoke Flight


You were on level 2 of the Snake Pit.
You worshipped Okawaru.
Okawaru was exalted by your worship.
You were not hungry.

You visited 4 branches of the dungeon, and saw 25 of its levels.
You visited 1 bazaar.

You collected 2497 gold pieces.
You spent 1288 gold pieces at shops.

Inventory:

Hand Weapons
 a - a +5 dagger of electrocution (weapon)
 b - a +0 blowgun
 T - a +8 quick blade
Missiles
 y - 2 exploding tomahawks
 H - 5 silver tomahawks (quivered)
 U - 8 curare-tipped needles
 Y - 3 javelins of penetration
 Z - 7 steel tomahawks
Armour
 t - a +1 shield of fire resistance (worn)
 A - a +0 hat of see invisible (worn)
 F - a scarf of resistance (worn)
 O - a +0 pair of boots (worn)
 P - a +2 pair of gloves of strength (worn)
 Q - a +4 troll leather armour (worn)
Jewellery
 k - the ring of Cuuci (left hand) {+Fly rPois Str+2 Slay+6}
   (You bought it in a shop on level 2 of the Orcish Mines)

   [ring of poison resistance]

   It affects your strength (+2).
   It affects your accuracy and damage with ranged weapons and melee attacks
   (+6).
   It protects you from poison.
   It lets you fly.
 I - an amulet of the acrobat (around neck)
 J - a +6 ring of protection (right hand)
Wands
 c - a wand of acid (32)
 u - a wand of paralysis (15)
 w - a wand of iceblast (44)
 S - a wand of flame (25)
 V - a wand of disintegration (12)
 X - a wand of scattershot (2)
Scrolls
 g - 5 scrolls of fog
 j - 3 scrolls of amnesia
 p - 4 scrolls of identify
 q - 20 scrolls of remove curse
 x - a scroll of magic mapping
 B - 6 scrolls of blinking
 C - 13 scrolls of teleportation
Potions
 d - 10 potions of might
 e - 3 potions of lignification
 h - 4 potions of flight
 i - 5 potions of brilliance
 l - 5 potions of cancellation
 m - a potion of resistance
 o - 8 potions of curing
 r - 3 potions of berserk rage
 v - 2 potions of mutation
 D - 3 potions of haste
 E - a potion of heal wounds
 G - 8 potions of agility
 K - a potion of ambrosia
 L - 2 potions of magic
 N - 2 potions of invisibility
Miscellaneous
 n - a phantom mirror
Comestibles
 f - 44 rations


   Skills:
 + Level 12.3(11.4) Fighting
 + Level 10.7(9.9) Short Blades
 + Level 10.7(9.9) Long Blades
 + Level 11.5(10.7) Axes
 + Level 10.7(9.9) Maces & Flails
 + Level 10.7(9.9) Polearms
 + Level 10.7(9.9) Staves
 + Level 10.7(9.9) Slings
 + Level 10.7(9.9) Bows
 + Level 10.7(9.9) Crossbows
 + Level 10.7(9.9) Throwing
 + Level 12.3(11.4) Armour
 + Level 10.7(9.9) Dodging
 + Level 10.7(9.9) Stealth
 + Level 12.3(11.4) Shields
 + Level 10.7(9.9) Unarmed Combat
 + Level 10.7(9.9) Spellcasting
 + Level 9.1(8.3) Conjurations
 + Level 9.1(8.3) Hexes
 + Level 9.1(8.3) Charms
 + Level 9.1(8.3) Summonings
 + Level 9.1(8.3) Necromancy
 + Level 9.1(8.3) Translocations
 + Level 9.1(8.3) Transmutations
 + Level 9.1(8.3) Fire Magic
 + Level 9.1(8.3) Ice Magic
 + Level 9.1(8.3) Air Magic
 + Level 9.1(8.3) Earth Magic
 + Level 9.1(8.3) Poison Magic
 + Level 11.5(10.7) Invocations
 + Level 10.7(9.9) Evocations


You had 28 spell levels left.
You knew the following spells:

 Your Spells              Type           Power        Failure   Level  Hunger
a - Conjure Flame         Conj/Fire      ####....     1%          3    ##.....
b - Fireball              Conj/Fire      ####......   19%         5    #####..

Your spell library contained the following spells:

 Spells                   Type           Power        Failure   Level  Hunger
 Flame Tongue             Conj/Fire      ####.        1%          1    None
 Poisonous Vapours        Pois/Air       ####..       1%          2    None
 Throw Flame              Conj/Fire      ####..       1%          2    None
 Ignite Poison            Fire/Tmut/Pois ####....     1%          3    ##.....
 Inner Flame              Hex/Fire       ####....     1%          3    ##.....
 Mephitic Cloud           Conj/Pois/Air  ####....     1%          3    ##.....
 Sticky Flame             Conj/Fire      ####....     6%          4    ####...
 Bolt of Fire             Conj/Fire      ####......   69%         6    #######
 Freezing Cloud           Conj/Ice/Air   ####......   69%         6    #######
 Ring of Flames           Chrm/Fire      ####......   99%         7    #######
 Ignition                 Fire           ####......   100%        8    #######


Dungeon Overview and Level Annotations

Branches:
Dungeon (15/15)            Temple (0/1) D:6            Lair (6/6) D:10
 Shoals (0/4) Lair:4        Snake (2/4) Lair:3        Slime (0/5) Lair:6
    Orc (2/2) D:9             Elf (0/3) Orc:2        Vaults (0/5) D:14
 Depths (0/5) D:15

Altars:
Cheibriados
Dithmenos
Elyvilon
Makhleb
Nemelex Xobeh
Okawaru
Ru
Sif Muna
Trog
Vehumet
Wu Jian
Xom
The Shining One
Beogh
Jiyva

Shops:
D:7 [   D:9 *   D:10 ?   D:14 [   Orc:2 =(([

Annotations:
D:9 exclusion: downstairs
D:15 exclusions: ice statue and obsidian statue
Lair:5 exclusion: 4 oklob plants


Innate Abilities, Weirdness & Mutations

Your experience applies equally to all skills.
You have very sharp teeth.
Your uncanny sense of smell can sniff out nearby items.
You have a somewhat thin skeletal structure. (Dex +2, Stealth)
You are somewhat resistant to further mutation.


Message History

The shock serpent closely misses you.
The shock serpent completely misses you.
The shock serpent shoots out a bolt of lightning at you!
The bolt of electricity misses you. The bolt of electricity hits you!!
* * * LOW HITPOINT WARNING * * *
Things that are here:
a scroll of remove curse; an anaconda corpse You puncture the shock serpent!
The shock serpent is lightly wounded.
You completely miss the shock serpent.
The shock serpent is lightly wounded.
You block the shock serpent's attack.
You puncture the shock serpent!
The shock serpent is moderately wounded.
The shock serpent's electric aura discharges, shocking you!
* * * LOW HITPOINT WARNING * * *
You feel sick.
The shock serpent shoots out a bolt of lightning at you!
The bolt of electricity hits you!
You die...

.# ## ..# .###(..
#.. ..(((.. .
##... .((....
..##.... ##)....#
∆.......#
##.)....#
......####...#
.......##@..##
#....S.##
##..#...#
#..####..# .....
##..# ##..# ......
#..## #...
#.....####..# ....
.......##...##
#....
.......##....#####
....


You could see a shock serpent.

Vanquished Creatures
  Kirke (Snake:1)
  A frost giant (D:15)
  Aizul (Snake:1)
  The ghost of H0rd4k the Markshuman, a journeyman HuAr (Lair:6)
  An orc warlord (Orc:2)
  An ettin (Orc:2)
  Snorg (Lair:6)
  4 vault guards (D:14)
  9 hydras
  2 naga warriors
  3 anacondas
  5 centaur warriors
  A death knight (D:15)
  A dancing weapon (D:9)
  A catoblepas (D:11)
  The ghost of Bb4Qf6 the Cleaver, a novice DDFi of Makhleb (D:9)
  2 two-headed ogres
  2 tengu warriors (D:14)
  4 naga sharpshooters
  5 death yaks (Lair:4)
  Sonja (Lair:2)
  2 salamander mystics
  5 unseen horrors
  2 lindwurms (D:14)
  A naga ritualist (Snake:1)
  3 orc sorcerers (Orc:2)
  2 deep elf magi (D:15)
  4 mana vipers (Snake:1)
  2 ugly things
  An orc knight (Orc:2)
  A salamander (Snake:1)
  6 cyclopes
  3 manticores
  2 centaur zombies
  A guardian serpent (Lair:3)
  6 elephants (Lair:5)
  12 black mambas
  5 naga magi
  2 gargoyles
  A torpor snail (Lair:5)
  2 rime drakes
  6 komodo dragons
  13 spiny frogs
  A yaktaur (D:15)
  An efreet (D:15)
  A yaktaur (shapeshifter) (D:13)
  A komodo dragon (shapeshifter) (D:14)
  9 trolls
  A tengu conjurer (D:14)
  3 tyrant leeches (D:14)
  A meliai (shapeshifter) (D:13)
  A jumping spider (shapeshifter) (D:15)
  6 hornets
  3 polar bears
  5 dream sheep
  A queen bee (Lair:1)
  Grinder (D:3)
  7 slime creatures
  Prince Ribbit (D:5)
  9 blink frogs
  A centaur simulacrum (D:14)
  12 hippogriffs
  13 spriggans (Lair:6)
  2 wraiths
  A vampire (D:14)
  48 yaks
  2 basilisks
  A fire bat (D:14)
  4 wyverns
  3 hungry ghosts
  3 wargs
  2 acid dragons
  6 nagas
  11 water moccasins
  5 porcupines
  5 black bears
  A hornet zombie (D:11)
  43 orc warriors
  An eye of draining (D:12)
  4 sky beasts
  An eye of draining (shapeshifter) (D:15)
  A necrophage (D:10)
  28 wolves
  3 centaurs
  4 phantoms
  6 ice beasts
  14 ogres
  7 boggarts
  12 crocodiles
  5 big kobolds
  Blork the orc (D:5)
  14 bullfrogs
  A wyvern zombie (D:14)
  A wyvern skeleton (D:11)
  6 scorpions
  10 wights
  39 killer bees
  3 vampire bats (D:14)
  A howler monkey (D:4)
  4 electric eels
  8 crimson imps
  A bullfrog zombie (D:6)
  10 jellies
  A quasit (D:11)
  7 hounds
  2 bullfrog skeletons
  4 centaur skeletons
  22 orc priests
  Jessica (D:2)
  2 hell rats (D:14)
  6 iguanas
  27 orc wizards
  Ijyb (D:3)
  8 worker ants
  A killer bee zombie (D:9)
  3 worker ant zombies
  8 gnolls
  A howler monkey skeleton (D:6)
  16 adders
  4 river rats (D:14)
  3 shadow imps
  7 oozes
  2 adder zombies
  An adder skeleton (D:4)
  8 worms
  A dart slug (D:2)
  5 leopard geckos
  112 orcs
  12 bats
  4 giant cockroaches
  9 goblins
  10 hobgoblins
  4 jackals (D:5)
  7 quokkas
  A ball python (D:6)
  9 frilled lizards
  21 kobolds
  A leopard gecko skeleton (D:3)
  A quokka skeleton (D:5)
  17 rats
879 creatures vanquished.

Vanquished Creatures (collateral kills)
  A raiju (shapeshifter) (D:14)
  An ogre (D:14)
2 creatures vanquished.

Vanquished Creatures (others)
  2 two-headed ogres (D:9)
  An ogre (D:9)
  A centaur (D:9)
  A big kobold (D:9)
  A bullfrog (D:9)
  An orc wizard (D:5)
  An adder (D:9)
  An orc (D:13)
  A quokka (D:9)
  3 fungi
  15 plants
28 creatures vanquished.

Grand Total: 909 creatures vanquished

Notes
Turn   | Place    | Note
-------+----------+-------------------------------------------
     0 | D:1      | KristianNielsen the Gnoll Fighter began the quest for the
                  | Orb.
     0 | D:1      | Reached XP level 1. HP: 23/23 MP: 1/1
   377 | D:1      | Reached XP level 2. HP: 29/29 MP: 2/2
   929 | D:1      | Reached XP level 3. HP: 35/35 MP: 3/3
  1489 | D:2      | Noticed a centaur
  1523 | D:2      | Killed a centaur
  1523 | D:2      | Reached skill level 1 in Short Blades
  1523 | D:2      | Reached skill level 1 in Long Blades
  1523 | D:2      | Reached skill level 1 in Maces & Flails
  1523 | D:2      | Reached skill level 1 in Polearms
  1523 | D:2      | Reached skill level 1 in Staves
  1523 | D:2      | Reached skill level 1 in Slings
  1523 | D:2      | Reached skill level 1 in Bows
  1523 | D:2      | Reached skill level 1 in Crossbows
  1523 | D:2      | Reached skill level 1 in Throwing
  1523 | D:2      | Reached skill level 1 in Dodging
  1523 | D:2      | Reached skill level 1 in Stealth
  1523 | D:2      | Reached skill level 1 in Unarmed Combat
  1523 | D:2      | Reached skill level 1 in Spellcasting
  1523 | D:2      | Reached skill level 1 in Conjurations
  1523 | D:2      | Reached skill level 1 in Hexes
  1523 | D:2      | Reached skill level 1 in Charms
  1523 | D:2      | Reached skill level 1 in Summonings
  1523 | D:2      | Reached skill level 1 in Necromancy
  1523 | D:2      | Reached skill level 1 in Translocations
  1523 | D:2      | Reached skill level 1 in Transmutations
  1523 | D:2      | Reached skill level 1 in Fire Magic
  1523 | D:2      | Reached skill level 1 in Ice Magic
  1523 | D:2      | Reached skill level 1 in Air Magic
  1523 | D:2      | Reached skill level 1 in Earth Magic
  1523 | D:2      | Reached skill level 1 in Poison Magic
  1523 | D:2      | Reached skill level 1 in Invocations
  1523 | D:2      | Reached skill level 1 in Evocations
  1523 | D:2      | Reached XP level 4. HP: 29/41 MP: 5/5
  1523 | D:2      | Reached XP level 5. HP: 34/47 MP: 6/6
  1797 | D:2      | Noticed Jessica
  1807 | D:2      | Killed Jessica
  2233 | D:2      | Found a white marble altar of Elyvilon.
  2233 | D:2      | Found a sparkling altar of Nemelex Xobeh.
  2381 | D:3      | Noticed Grinder
  2561 | D:3      | Paralysed by Grinder for 5 turns
  2582 | D:3      | Paralysed by Grinder for 2 turns
  2586 | D:3      | Killed Grinder
  2586 | D:3      | Reached skill level 5 in Axes
  2586 | D:3      | Reached XP level 6. HP: 12/53 MP: 7/9
  3192 | D:3      | Noticed Ijyb
  3201 | D:3      | Killed Ijyb
  3328 | D:4      | Reached XP level 7. HP: 59/59 MP: 10/10
  3357 | D:4      | Found an iron altar of Okawaru.
  3371 | D:4      | Became a worshipper of Warmaster Okawaru
  3456 | D:4      | Found a bloodstained altar of Trog.
  3456 | D:4      | Found a snail-covered altar of Cheibriados.
  3457 | D:4      | Found a sacrificial altar of Ru.
  3609 | D:4      | Found an ornate altar of the Wu Jian Council.
  3954 | D:5      | Entered Level 5 of the Dungeon
  4228 | D:5      | Noticed Blork the orc
  4241 | D:5      | Killed Blork the orc
  4473 | D:5      | Reached * piety under Okawaru
  4569 | D:5      | Reached XP level 8. HP: 44/67 MP: 12/12
  4773 | D:5      | Found a deep blue altar of Sif Muna.
  4860 | D:5      | Noticed Prince Ribbit
  5542 | D:6      | Found a staircase to the Ecumenical Temple.
  5714 | D:6      | Found a glowing golden altar of the Shining One.
  6021 | D:6      | Noticed a wyvern
  6027 | D:6      | Found a radiant altar of Vehumet.
  6029 | D:6      | Killed a wyvern
  6029 | D:6      | Reached ** piety under Okawaru
  6034 | D:6      | Reached XP level 9. HP: 72/72 MP: 14/14
  6042 | D:6      | Noticed a hornet
  6063 | D:6      | Killed a hornet
  6990 | D:7      | Reached *** piety under Okawaru
  7193 | D:7      | Found a glowing golden altar of the Shining One.
  7196 | D:7      | Found Ligros's Antique Armour Shoppe.
  7795 | D:8      | Reached skill level 5 in Invocations
  8227 | D:8      | Reached XP level 10. HP: 80/80 MP: 13/17
  8238 | D:8      | Reached **** piety under Okawaru
  8787 | D:8      | Reached skill level 5 in Short Blades
  8787 | D:8      | Reached skill level 5 in Long Blades
  8787 | D:8      | Reached skill level 5 in Maces & Flails
  8787 | D:8      | Reached skill level 5 in Polearms
  8787 | D:8      | Reached skill level 5 in Staves
  8787 | D:8      | Reached skill level 5 in Slings
  8787 | D:8      | Reached skill level 5 in Bows
  8787 | D:8      | Reached skill level 5 in Crossbows
  8787 | D:8      | Reached skill level 5 in Throwing
  8787 | D:8      | Reached skill level 5 in Dodging
  8787 | D:8      | Reached skill level 5 in Stealth
  8787 | D:8      | Reached skill level 5 in Unarmed Combat
  8787 | D:8      | Reached skill level 5 in Spellcasting
  8787 | D:8      | Reached skill level 5 in Evocations
  8804 | D:8      | Received a gift from Okawaru
  8879 | D:8      | Noticed a three-headed hydra
  9203 | D:9      | Killed a two-headed ogre
  9205 | D:9      | Killed a two-headed ogre
  9348 | D:9      | Found Ozxocli's General Store.
  9379 | D:9      | Paralysed by a crimson imp for 3 turns
  9727 | D:9      | Found a shimmering altar of Xom.
  9757 | D:9      | Reached ***** piety under Okawaru
  9893 | D:9      | Bought 21 sling bullets for 157 gold pieces
 10171 | D:9      | Found a runed translucent door.
 10245 | D:9      | Found a shimmering altar of Xom.
 10245 | D:9      | Noticed Bb4Qf6's ghost (novice DDFi)
 10246 | D:9      | Noticed a +2 flail of chaos
 10350 | D:9      | Found a roughly hewn altar of Beogh.
 10350 | D:9      | Found a staircase to the Orcish Mines.
 10418 | D:9      | Received a gift from Okawaru
 10775 | D:10     | Entered Level 10 of the Dungeon
 10947 | D:10     | Noticed a purple ugly thing
 10972 | D:10     | Killed a purple ugly thing
 10972 | D:10     | Received a gift from Okawaru
 10972 | D:10     | Reached XP level 11. HP: 57/87 MP: 19/19
 11346 | D:10     | Noticed a centaur warrior
 11367 | D:10     | Killed a centaur warrior
 11370 | D:10     | Reached skill level 5 in Conjurations
 11370 | D:10     | Reached skill level 5 in Hexes
 11370 | D:10     | Reached skill level 5 in Charms
 11370 | D:10     | Reached skill level 5 in Summonings
 11370 | D:10     | Reached skill level 5 in Necromancy
 11370 | D:10     | Reached skill level 5 in Translocations
 11370 | D:10     | Reached skill level 5 in Transmutations
 11370 | D:10     | Reached skill level 5 in Fire Magic
 11370 | D:10     | Reached skill level 5 in Ice Magic
 11370 | D:10     | Reached skill level 5 in Air Magic
 11370 | D:10     | Reached skill level 5 in Earth Magic
 11370 | D:10     | Reached skill level 5 in Poison Magic
 11719 | D:10     | Received a gift from Okawaru
 11988 | D:10     | Found a staircase to the Lair.
 12457 | D:10     | Found Gaebya's Magic Scroll Shoppe.
 12661 | Lair:1   | Entered Level 1 of the Lair of Beasts
 12983 | Lair:1   | Received a gift from Okawaru
 13482 | Lair:1   | Noticed a five-headed hydra
 13495 | Lair:1   | Noticed a six-headed hydra
 13652 | D:11     | Noticed a two-headed ogre
 13663 | D:11     | Killed a two-headed ogre
 13663 | D:11     | Reached XP level 12. HP: 88/96 MP: 15/22
 13715 | D:11     | Found a flickering gateway to a bazaar.
 13724 | Bazaar   | Entered a bazaar
 13728 | Bazaar   | Found Jeures's Jewellery Boutique.
 13746 | Bazaar   | Found Siocikh's Armour Emporium.
 13763 | Bazaar   | Found Qiobry's Book Boutique.
 13780 | Bazaar   | Found Etonothro's Antique Weapon Shoppe.
 13818 | Bazaar   | Bought a +0 pair of gloves of strength for 195 gold pieces
 13834 | Bazaar   | Gained mutation: You possess an exceptional clarity of
                  | mind. [potion of mutation]
 13834 | Bazaar   | Gained mutation: You have a pair of small antennae on your
                  | head. [potion of mutation]
 13990 | D:11     | Noticed a catoblepas
 14025 | D:11     | Killed a catoblepas
 14333 | D:11     | Received a gift from Okawaru
 15002 | D:12     | Received a gift from Okawaru
 15167 | D:12     | Reached skill level 10 in Fighting
 15167 | D:12     | Reached skill level 10 in Armour
 15167 | D:12     | Reached skill level 10 in Shields
 15864 | D:13     | Noticed a centaur warrior
 15867 | D:13     | Noticed a centaur warrior
 15884 | D:13     | Killed a centaur warrior
 15904 | D:13     | Killed a centaur warrior
 15904 | D:13     | Reached XP level 13. HP: 51/103 MP: 18/24
 16278 | D:13     | Found a shadowy altar of Dithmenos.
 17307 | Orc:1    | Entered Level 1 of the Orcish Mines
 17630 | Orc:2    | Entered Level 2 of the Orcish Mines
 17672 | Orc:2    | Found a roughly hewn altar of Beogh.
 17969 | Orc:2    | Noticed an ettin
 17981 | Orc:2    | Killed an ettin
 18086 | Orc:2    | Found a roughly hewn altar of Beogh.
 18116 | Orc:2    | Found Saustoxkor's Jewellery Shoppe.
 18435 | Orc:2    | Found a roughly hewn altar of Beogh.
 18453 | Orc:2    | Found Moseitre's Antique Weapon Boutique.
 18668 | Orc:2    | Found a roughly hewn altar of Beogh.
 18779 | Orc:2    | Found a staircase to the Elven Halls.
 18943 | Orc:2    | Noticed an orc warlord
 19227 | Orc:2    | Killed an orc warlord
 19227 | Orc:2    | Received a gift from Okawaru
 19236 | Orc:2    | Found Qocwa's Antique Armour Boutique.
 19238 | Orc:2    | Found a roughly hewn altar of Beogh.
 19239 | Orc:2    | Found Nav Agru's Antique Weapon Shop.
 19571 | Orc:2    | Bought the ring of Cuuci {+Fly rPois Str+2 Slay+6} for 936
                  | gold pieces
 19869 | Orc:1    | Received a gift from Okawaru
 19889 | Orc:1    | Got a slimy cloak {god gift}
 19900 | Orc:1    | Identified the +2 cloak of Okawaru's Displeasure {SInv}
                  | (Okawaru gifted it to you on level 1 of the Orcish Mines)
 20297 | D:5      | Killed Prince Ribbit
 20599 | D:9      | Killed Bb4Qf6's ghost
 20842 | Lair:1   | Reached XP level 14. HP: 105/111 MP: 23/26
 21289 | Lair:2   | Noticed Sonja
 21291 | Lair:2   | Killed Sonja
 21315 | Lair:2   | Reached skill level 10 in Axes
 22166 | Lair:3   | Received a gift from Okawaru
 22226 | Lair:3   | Found a staircase to the Snake Pit.
 22384 | Lair:3   | Received a gift from Okawaru
 22876 | Lair:4   | Found a staircase to the Shoals.
 23018 | Lair:4   | Received a gift from Okawaru
 23040 | Lair:4   | Found a burning altar of Makhleb.
 23137 | Lair:4   | Received a gift from Okawaru
 23137 | Lair:4   | Reached skill level 10 in Invocations
 24064 | Lair:5   | Received a gift from Okawaru
 24192 | Lair:5   | You fall through a shaft!
 24192 | Lair:6   | Entered Level 6 of the Lair of Beasts
 24227 | Lair:6   | Noticed Snorg
 24243 | Lair:5   | Reached XP level 15. HP: 119/119 MP: 28/28
 24913 | Lair:6   | Found a runed translucent door.
 24913 | Lair:6   | Noticed H0rd4k's ghost (journeyman HuAr)
 24959 | Lair:6   | Found a staircase to the Slime Pits.
 24959 | Lair:6   | Found a viscous altar of Jiyva.
 25501 | Lair:6   | Received a gift from Okawaru
 25645 | Lair:6   | Killed Snorg
 25931 | Lair:6   | Killed H0rd4k's ghost
 26062 | Lair:6   | Reached ****** piety under Okawaru
 26602 | D:14     | Reached skill level 10 in Short Blades
 26602 | D:14     | Reached skill level 10 in Long Blades
 26602 | D:14     | Reached skill level 10 in Maces & Flails
 26602 | D:14     | Reached skill level 10 in Polearms
 26602 | D:14     | Reached skill level 10 in Staves
 26602 | D:14     | Reached skill level 10 in Slings
 26602 | D:14     | Reached skill level 10 in Bows
 26602 | D:14     | Reached skill level 10 in Crossbows
 26602 | D:14     | Reached skill level 10 in Throwing
 26602 | D:14     | Reached skill level 10 in Dodging
 26602 | D:14     | Reached skill level 10 in Stealth
 26602 | D:14     | Reached skill level 10 in Unarmed Combat
 26602 | D:14     | Reached skill level 10 in Spellcasting
 26602 | D:14     | Reached skill level 10 in Evocations
 26616 | D:14     | Received a gift from Okawaru
 26958 | D:14     | Found Xaewniuh's Antique Armour Boutique.
 26981 | D:14     | Found the +9 heavy crossbow "Sniper" {velocity, Acc+∞ SInv}
 27215 | D:14     | Found a gate to the Vaults.
 27765 | D:15     | Entered Level 15 of the Dungeon
 28223 | D:15     | Found a staircase to the Depths.
 28223 | D:15     | Noticed a frost giant
 28225 | D:15     | Killed a frost giant
 28225 | D:15     | Reached XP level 16. HP: 127/127 MP: 30/30
 28658 | D:15     | Lost mutation: You have a pair of small antennae on your
                  | head. [potion of mutation]
 28658 | D:15     | Lost mutation: You possess an exceptional clarity of mind.
                  | [potion of mutation]
 28658 | D:15     | Gained mutation: You are somewhat resistant to further
                  | mutation. [potion of mutation]
 28658 | D:15     | Gained mutation: You have a somewhat thin skeletal
                  | structure. (Dex +2, Stealth) [potion of mutation]
 28884 | Snake:1  | Entered Level 1 of the Snake Pit
 28922 | Snake:1  | Noticed Kirke
 28933 | Snake:1  | Killed Kirke
 29135 | Snake:1  | Received a gift from Okawaru
 29222 | Snake:1  | Noticed Aizul
 29243 | Snake:1  | Killed Aizul
 29370 | Snake:1  | Received a gift from Okawaru
 29570 | Snake:1  | Received a gift from Okawaru
 29744 | Snake:2  | Learned a level 3 spell: Conjure Flame
 29750 | Snake:2  | Learned a level 5 spell: Fireball
 30019 | Snake:2  | Received a gift from Okawaru
 30303 | Snake:2  | Killed from afar by a shock serpent

Skill      XL: |  1  2  3  4  5  6  7  8  9 10 11 12 13 14 15 16 |
---------------+-------------------------------------------------+-----
Short Blades   | 1 2 3 4 5 6 7 8 9 10 | 10.7
Long Blades    | 1 2 3 4 5 6 7 8 9 10 | 10.7
Maces & Flails | 1 2 3 4 5 6 7 8 9 10 | 10.7
Polearms       | 1 2 3 4 5 6 7 8 9 10 | 10.7
Staves         | 1 2 3 4 5 6 7 8 9 10 | 10.7
Slings         | 1 2 3 4 5 6 7 8 9 10 | 10.7
Bows           | 1 2 3 4 5 6 7 8 9 10 | 10.7
Crossbows      | 1 2 3 4 5 6 7 8 9 10 | 10.7
Throwing       | 1 2 3 4 5 6 7 8 9 10 | 10.7
Dodging        | 1 2 3 4 5 6 7 8 9 10 | 10.7
Stealth        | 1 2 3 4 5 6 7 8 9 10 | 10.7
Unarmed Combat | 1 2 3 4 5 6 7 8 9 10 | 10.7
Spellcasting   | 1 2 3 4 5 6 7 8 9 10 | 10.7
Conjurations   | 1 2 3 4 5 6 7 8 9 |  9.1
Hexes          | 1 2 3 4 5 6 7 8 9 |  9.1
Charms         | 1 2 3 4 5 6 7 8 9 |  9.1
Summonings     | 1 2 3 4 5 6 7 8 9 |  9.1
Necromancy     | 1 2 3 4 5 6 7 8 9 |  9.1
Translocations | 1 2 3 4 5 6 7 8 9 |  9.1
Transmutations | 1 2 3 4 5 6 7 8 9 |  9.1
Fire Magic     | 1 2 3 4 5 6 7 8 9 |  9.1
Ice Magic      | 1 2 3 4 5 6 7 8 9 |  9.1
Air Magic      | 1 2 3 4 5 6 7 8 9 |  9.1
Earth Magic    | 1 2 3 4 5 6 7 8 9 |  9.1
Poison Magic   | 1 2 3 4 5 6 7 8 9 |  9.1
Invocations    | 1 2 3 4 5 6 7 8 9 10 11 | 11.5
Evocations     | 1 2 3 4 5 6 7 8 9 10 | 10.7
Axes           | 5 6 7 8 9 10 11 | 11.5
Fighting       | 7 8 9 10 11 12 | 12.3
Armour         | 7 8 9 10 11 12 | 12.3
Shields        | 7 8 9 10 11 12 | 12.3

Action                   |  1- 3 |  4- 6 |  7- 9 | 10-12 | 13-15 | 16-18 || total
-------------------------+-------+-------+-------+-------+-------+-------++-------
Melee: War axe           |    37 |       |       |       |       |       ||    37
       Dagger            |    40 |    78 |   470 |  1028 |  1548 |   237 ||  3401
       Bite              |     2 |    11 |    62 |   144 |   267 |    46 ||   532
 Fire: Hunting sling     |     5 |    52 |    59 |   111 |       |       ||   227
       Hand crossbow     |       |       |       |    20 |       |       ||    20
       Fustibalus        |       |       |       |    94 |   102 |       ||   196
Throw: Tomahawk          |       |       |       |       |     7 |     2 ||     9
       Javelin           |       |       |       |       |    53 |    15 ||    68
Invok: Heroism           |       |       |     3 |    11 |    14 |     2 ||    30
       Finesse           |       |       |       |     4 |     8 |       ||    12
Evoke: Wand              |       |       |       |     2 |     6 |       ||     8
       Box of beasts     |       |       |       |       |     1 |       ||     1
  Use: Scroll            |     1 |     1 |    13 |    11 |    15 |     3 ||    44
       Potion            |       |       |       |     4 |     3 |     4 ||    11
 Stab: Sleeping          |       |       |    10 |     7 |    37 |     3 ||    57
       Distracted        |       |       |     1 |     1 |     1 |       ||     3
       Petrifying        |       |       |       |     1 |       |       ||     1
       Petrified         |       |       |       |     1 |       |       ||     1
       Paralysed         |       |       |       |       |     1 |       ||     1
  Eat: Chunk             |     2 |     5 |    15 |    17 |    27 |     5 ||    71
       Ration            |       |       |       |     3 |     4 |     1 ||     8
Armor: Scale mail        |    19 |       |       |       |       |       ||    19
       Ring mail         |    11 |    17 |       |       |       |       ||    28
       Leather armour    |       |     5 |    93 |   218 |    12 |       ||   328
       Skin              |       |       |       |     7 |       |       ||     7
       Troll leather arm |       |       |       |       |   191 |    32 ||   223
Dodge: Dodged            |    18 |    19 |   193 |   418 |   529 |   122 ||  1299
Block: Shield            |    36 |    53 |   272 |   554 |   807 |   141 ||  1863
